 Dungeon Crawl Stone Soup version 0.28.0-43-g3370ac3207 (webtiles) character file.

Game seed: 12729313143219889249

303 nickcage the Firebug (level 6, -7/32 HPs)
             Began as a Gargoyle Fire Elementalist on Mar 29, 2022.
             Mangled by Duvessa
             ... wielding a +0 short sword
              (13 damage)
             ... on level 4 of the Dungeon.
             The game lasted 00:17:21 (4384 turns).

nickcage the Firebug (Gargoyle Fire Elementalist)   Turns: 4384, Time: 00:17:23

Health: -7/32      AC:  6    Str: 11    XL:     6   Next: 38%
Magic:  0/9        EV: 11    Int: 18    God:
Gold:   119        SH:  0    Dex:  7    Spells: 3/9 levels left

rFire   . . .      SeeInvis .   j - +3 spear of Tenacity {flame, rElec rCorr Dex-3}
rCold   . . .      Faith    .   (no shield)
rNeg    + . .      Spirit   .   a - +0 robe
rPois   ∞          Reflect  .   (no helmet)
rElec   +          Harm     .   (no cloak)
rCorr   +          Rampage  .   (no gloves)
Will    .....                   (no boots)
Stlth   ++........              (no amulet)
HPRegen 0.10/turn               (no ring)
MPRegen 0.11/turn               (no ring)

@: no status effects
A: sickness immunity, AC +4, negative energy resistance 1, electricity
resistance, torment resistance 1, petrification resistance
a: no special abilities


You were on level 4 of the Dungeon.
You visited 1 branch of the dungeon, and saw 4 of its levels.

You collected 119 gold pieces.

Inventory:

Hand Weapons
 b - a +2 dagger of holy wrath
 j - the +3 spear of Tenacity (weapon) {flame, rElec rCorr Dex-3}
   (You found it on level 3 of the Dungeon)

   It burns those it strikes, dealing additional fire damage.
   Dex:       It affects your dexterity (-3).
   rElec:     It insulates you from electricity.
   rCorr:     It protects you from acid and corrosion.
Armour
 a - a +0 robe (worn)
Jewellery
 k - a ring of see invisible
Scrolls
 e - a scroll of enchant weapon {unknown}
 g - a scroll of magic mapping {unknown}
 i - a scroll of silence {unknown}
Potions
 c - 2 potions of heal wounds
 d - a potion of attraction
 f - 2 potions of mutation {unknown}
 h - a potion of curing


   Skills:
 - Level 0.1 Polearms
 - Level 1.5 Dodging
 - Level 2.1 Stealth
 - Level 2.0 Spellcasting
 * Level 3.1 Conjurations
 + Level 6.3 Fire Magic


You had 3 spell levels left.
You knew the following spells:

 Your Spells              Type           Power      Damage    Failure   Level
a - Foxfire               Conj/Fire      72%        2x1d7     2%          1
b - Scorch                Fire           48%        2d7       1%          2
c - Conjure Flame         Conj/Fire      18%        6-21      8%          3

Your spell library contained the following spells:

 Spells                   Type           Power      Damage    Failure   Level
 Inner Flame              Hex/Fire       13%        N/A       14%         3
 Flame Wave               Conj/Fire      18%        2d6       26%         4


Dungeon Overview and Level Annotations

Branches:
Dungeon (4/15)
 Temple: D:4-7

Altars:
Qazlal

Annotations:
D:4 Duvessa, Menkaure


Innate Abilities, Weirdness & Mutations

You are immune to sickness and miasma.
Your stone body is resilient. (AC +4)
You are immune to poison.
You resist negative energy. (rN+)
You are resistant to electric shocks. (rElec)
You are resistant to unholy torment.
You are immune to petrification.


Message History

The hound is severely wounded.
The hound bites you but does no damage.
Flames lash the hound.
The hound is burned terribly!
You kill the hound!
Flames lash the ball python.
You kill the ball python!
You climb upwards.
There is a stone staircase leading down here.
You start resting.
HP restored.
You start resting.
Magic restored.
You climb downwards.
Level annotation: Menkaure The goblin closely misses you.
There is a stone staircase leading up here.
You barely miss the goblin. The goblin hits you but does no damage.
Flames lash the goblin.
You kill the goblin!
You start resting.
Duvessa, Sister of Dowan comes into view.
She is wielding a +0 short sword.
Flames lash Duvessa.
Duvessa is moderately wounded.
Duvessa's fire resistance burns away.
Duvessa goes berserk!
Flames lash Duvessa.
Duvessa is burned terribly!
Duvessa is moderately wounded.
Duvessa hits you with a +0 short sword! x2
You are too injured to fight recklessly!
Casting: Scorch (safe; 1% risk of failure)
Press: ? - help, Q - select action, (/) - cycle Dir - look around, f - activate Flames lash Duvessa.
Duvessa is burned terribly!
Duvessa is heavily wounded.
Duvessa hits you with a +0 short sword!
* * * LOW HITPOINT WARNING * * *
Casting: Scorch (safe; 1% risk of failure)
Press: ? - help, Q - select action, (/) - cycle Dir - look around, f - activate Flames lash Duvessa.
Duvessa is burned terribly!
Duvessa is almost dead.
Duvessa hits you with a +0 short sword!
You die...

..# ... .[##
#.. #.. #.# #†#
#@## #e.# ##.#
...............
......#[.......
...........?...
..... ......?..
# .
..$............
# h . ...#
.#........


You could see Duvessa (berserk, combustible).

Vanquished Creatures
  Dowan (D:4)
  A hound (D:4)
  A jelly (D:3)
  A bullfrog skeleton (D:4)
  7 adders
  4 worms
  4 dart slugs
  An orc (D:3)
  10 ball pythons
  5 endoplasms
  5 giant cockroaches
  6 goblins
  7 hobgoblins
  3 jackals (D:3)
  6 kobolds
  2 quokkas
  8 bats
  3 frilled lizards
  6 rats
81 creatures vanquished.

Vanquished Creatures (others)
  41 foxfires
  35 plants (D:2)
76 creatures vanquished.

Grand Total: 157 creatures vanquished

Notes
Turn   | Place    | Note
-------+----------+-------------------------------------------
     0 | D:1      | nickcage the Gargoyle Fire Elementalist began the quest for
                  | the Orb.
     0 | D:1      | Reached XP level 1. HP: 10/10 MP: 3/3
   371 | D:1      | Reached XP level 2. HP: 15/15 MP: 5/5
   897 | D:1      | Reached skill level 4 in Fire Magic
   956 | D:1      | Reached XP level 3. HP: 15/19 MP: 2/6
   959 | D:1      | Learned a level 2 spell: Scorch
   963 | D:1      | Learned a level 3 spell: Conjure Flame
  1075 | D:1      | Found a faded altar of an unknown god.
  1732 | D:2      | Reached XP level 4. HP: 24/24 MP: 2/7
  2558 | D:3      | Reached skill level 5 in Fire Magic
  2558 | D:3      | Reached XP level 5. HP: 28/28 MP: 1/8
  2894 | D:3      | Identified the +3 spear of Tenacity {flame, rElec rCorr
                  | Dex-3}
  3665 | D:3      | Found a stormy altar of Qazlal.
  3974 | D:4      | Noticed Menkaure
  4050 | D:4      | Noticed Dowan
  4061 | D:4      | Killed Dowan
  4062 | D:4      | Reached skill level 6 in Fire Magic
  4062 | D:4      | Reached XP level 6. HP: 13/32 MP: 0/9
  4380 | D:4      | Noticed Duvessa
  4384 | D:4      | Mangled by Duvessa

Illustrated notes

Levels and vault maps discovered:
D:1:      nzn_arrival_crosshair, layout_basic, shapermc_ecumenical_altar_gd,
          hangedman_feature_mirror
D:2:      layout_basic, serial_bayou, serial_bayou_lagoon_a,
          serial_bayou_pond_e, serial_bayou_pond_b, serial_bayou_pond_d,
          serial_bayou_shore_b, serial_bayou_lake_a, corexii_corridor_pit
D:3:      layout_loops_corners, nicolae_qazlal_eye_of_the_storm,
          corexii_leaking_fountain, kennysheep_generic_room_4
D:4:      layout_rooms, mainiacjoe_overflow_boulevard,
          mainiacjoe_overflow_brackets, mainiacjoe_overflow_alcove_3,
          serial_shops, shop, kennysheep_minor_cross,
          chequers_serial_rivers_micro_c, minmay_misc_feat_four_crosses,
          hex_medium, uniq_blork_the_orc, uniq_menkaure, uniq_duvessa

Skill      XL: |  1  2  3  4  5  6 |
---------------+-------------------+-----
Fire Magic     | 4 5 6 |  6.3
Conjurations   | 2 3 |  3.1
Polearms       | |  0.1
Dodging        | |  1.5
Stealth        | |  2.1
Spellcasting   | |  2.0

Action                   |  1- 3 |  4- 6 || total
-------------------------+-------+-------++-------
Melee: Unarmed           |     5 |       ||     5
       Dagger            |    28 |     9 ||    37
       Spear             |       |    21 ||    21
 Cast: Foxfire           |    22 |     1 ||    23
       Scorch            |    15 |    53 ||    68
  Use: Scroll            |       |     3 ||     3
 Stab: Sleeping          |     1 |     2 ||     3
Armor: Robe              |     6 |    11 ||    17
Dodge: Dodged            |    24 |    27 ||    51
